Map: [ESL] Data-C

Players

Lambo - Winner!

  • Race: Zerg Zerg
  • Spawn Location: 3:00

MaNa

  • Race: Protoss Protoss
  • Spawn Location: 9:00

Event: DreamHack SC2 Masters 2022 Atlanta (Online)

VOD

Have the link to the VOD?

Description

Time

  • Played on: Sept. 28, 2022, 11:45 a.m.
  • Length: 11:58

All games in this series

Show
View Real Time Build Order
Export as new Build Order

Lambo Zerg - Winner!

Build Orders: Hatch First 

Get SALT Encoding   

  12  0:00  Drone  
  13  0:12  Overlord  
  13  0:17  Drone  
  14  0:31  Drone x2  
  16  0:41  Drone  
  17  0:52  Hatchery  
  17  0:55  Drone  
  17  0:58  Drone  
  18  1:09  Extractor  
  17  1:13  Spawning Pool  
  17  1:17  Drone  
  17  1:20  Drone  
  18  1:28  Drone  
  19  1:39  Drone  
  20  1:53  Overlord  
  20  2:00  Queen  
  22  2:04  Zergling x2, Queen, Drone  
  26  2:13  Zergling x2, Metabolic Boost  
  26  2:15  Drone  
  28  2:25  Drone  
  28  2:26  Drone  
  30  2:38  Drone  
  30  2:39  Hatchery  
  30  2:47  Drone  
  30  2:48  Overlord  
  30  2:49  Drone  
  32  2:55  Queen  
  34  3:02  Drone  
  34  3:03  Drone  
  36  3:07  Queen  
  36  3:08  Overlord  
  38  3:13  Zergling x4  
  38  3:14  Zergling x2  
  38  3:18  Overlord  
  41  3:20  Drone  
  42  3:29  Drone x3  
  42  3:33  Drone x2  
  46  3:45  Drone x2  
  48  3:50  Queen  
  48  3:51  Queen  
  48  3:53  Drone  
  48  3:54  Drone x2  
  55  3:59  Spore Crawler, Drone x2  
  55  4:00  Drone  
  57  4:03  Overlord  
  57  4:09  Drone x2  
  59  4:12  Overlord  
  59  4:15  Overlord  
  59  4:17  Drone x2  
  61  4:21  Spore Crawler  
  61  4:23  Drone x2  
  62  4:26  Drone x2  
  62  4:27  Drone x2  
  66  4:32  Roach Warren  
  66  4:34  Overlord  
  66  4:35  Drone  
  66  4:40  Queen  
  66  4:43  Drone x2  
  66  4:44  Drone  
  69  4:47  Overlord  
  69  4:49  Drone  
  70  4:53  Lair, Extractor  
  70  4:54  Drone x2  
  70  4:55  Drone  
  70  4:58  Drone x2  
  74  5:00  Drone x2  
  76  5:09  Drone x2, Hatchery  
  76  5:10  Zergling x2  
  78  5:20  Drone x6  
  77  5:23  Drone x3  
  79  5:28  Drone, Extractor  
  79  5:30  Drone x2, Extractor  
  79  5:31  Drone  
  79  5:32  Drone  
  79  5:33  Drone  
  82  5:37  Evolution Chamber  
  82  5:39  Overlord  
  81  5:44  Drone x4, Extractor  
  81  5:45  Drone  
  81  5:46  Extractor  
  84  5:51  Drone  
  84  5:53  Spore Crawler  
  84  5:56  Zergling x8, Spire  
  87  5:57  Glial Reconstitution  
  87  6:01  Zergling x6  
  87  6:02  Zergling x2  
  90  6:07  Zerg Melee Weapons Level 1  
  89  6:16  Drone  
  88  6:19  Drone x3  
  88  6:21  Zergling x16  
  99  6:26  Drone  
  99  6:31  Drone  
  99  6:32  Drone x4  
  105  6:38  Zergling x2  
  106  6:40  Overlord  
  106  6:41  Overlord  
  106  6:43  Zergling x10, Extractor  
  110  6:49  Zergling x2  
  110  6:50  Zergling x4  
  117  6:59  Drone x4  
  119  7:03  Extractor  
  116  7:09  Mutalisk x9  
  116  7:12  Zerg Flyer Weapons Level 1  
  116  7:15  Mutalisk  
  134  7:18  Overlord x2  
  134  7:21  Overlord  
  132  7:25  Overlord  
  132  7:26  Mutalisk x2  
  135  7:32  Hatchery  
  135  7:36  Mutalisk  
  135  7:37  Mutalisk x2  
  134  7:39  Overlord  
  134  7:41  Overlord  
  140  7:45  Mutalisk  
  140  7:46  Mutalisk  
  140  7:48  Zergling x2  
  140  7:49  Zergling x12  
  151  7:55  Mutalisk x2  
  155  8:01  Drone x6  
  155  8:02  Baneling Nest  
  158  8:05  Mutalisk  
  158  8:08  Drone x4  
  158  8:10  Mutalisk  
  158  8:11  Mutalisk  
  168  8:14  Overlord  
  168  8:19  Overlord  
  168  8:25  Mutalisk x3  
  172  8:28  Zergling x12  
  178  8:34  Hydralisk Den  
  178  8:35  Zergling x12  
  178  8:38  Zerg Melee Weapons Level 2  
  178  8:41  Drone x3  
  176  8:54  Mutalisk x3  
  176  8:55  Mutalisk  
  181  8:57  Drone x10  
  189  9:03  Muscular Augments  
  189  9:07  Centrifugal Hooks  
  189  9:09  Extractor  
  188  9:14  Hydralisk x3  
  194  9:19  Baneling  
  194  9:20  Baneling x4, Hatchery  
  194  9:21  Baneling  
  191  9:38  Zergling x28  
  182  9:53  Hydralisk x9  
  198  10:00  Baneling x12  
  198  10:04  Zergling x2  
  198  10:05  Baneling x8  
  196  10:15  Grooved Spines  
  196  10:16  Zergling x2  
  196  10:17  Zergling x6  
  196  10:21  Infestation Pit, Baneling x6  
  196  10:35  Zergling x46  
  199  10:41  Zergling x2  
  199  10:42  Zergling x10  
  189  10:46  Zergling x4  
  179  10:51  Zergling x2  
  179  10:56  Hydralisk x9  
  187  11:00  Spore Crawler, Hydralisk x3  
  187  11:02  Baneling x8  
  187  11:03  Zergling x16  
  184  11:05  Baneling x3  
  184  11:06  Zergling x4  
  184  11:10  Zergling x4  
  188  11:11  Baneling x3  
  188  11:12  Baneling x3  
  188  11:14  Zergling x2  
  188  11:17  Zergling x4  
  188  11:18  Zergling x2, Baneling x7  
  192  11:20  Zergling x2  
  192  11:21  Baneling  
  192  11:22  Baneling x2  
  192  11:23  Zergling x10  
  197  11:26  Zergling x4, Baneling x4  
  199  11:34  Baneling x4  
  199  11:35  Baneling x4  
Show
View Real Time Build Order
Export as new Build Order

MaNa Protoss 

Build Orders: 1 Gate Expand, Oracle Opening 

Get SALT Encoding   

  12  0:00  Probe  
  13  0:12  Probe  
  14  0:19  Pylon  
  14  0:24  Probe  
  15  0:37  Probe (Chrono Boost)  
  16  0:43  Gateway  
  16  0:46  Probe (Chrono Boost)  
  17  0:50  Assimilator  
  17  0:52  Probe  
  18  1:04  Probe (Chrono Boost)  
  19  1:15  Probe (Chrono Boost)  
  20  1:19  Probe (Chrono Boost)  
  21  1:31  Nexus  
  21  1:41  Cybernetics Core  
  21  1:47  Assimilator  
  21  1:48  Probe  
  22  1:56  Pylon  
  22  2:00  Probe  
  23  2:14  Probe  
  24  2:15  Adept (Chrono Boost)  
  24  2:18  Stargate  
  26  2:26  Warp Gate, Probe  
  27  2:37  Adept (Chrono Boost)  
  27  2:38  Probe  
  27  2:43  Probe  
  31  2:50  Probe  
  32  2:55  Probe  
  32  2:58  Adept  
  33  3:02  Probe  
  33  3:04  Oracle  
  39  3:07  Probe  
  40  3:14  Probe  
  40  3:18  Pylon  
  40  3:19  Probe  
  42  3:26  Probe  
  43  3:31  Probe  
  44  3:42  Nexus  
  44  3:43  Probe x2  
  44  3:47  Oracle  
  47  3:52  Gateway  
  48  3:57  Probe (Chrono Boost)  
  48  3:58  Probe (Chrono Boost)  
  49  4:06  Pylon  
  49  4:08  Probe (Chrono Boost)  
  51  4:10  Probe (Chrono Boost)  
  51  4:11  Pylon  
  51  4:13  Stalker  
  51  4:14  Probe  
  54  4:19  Assimilator  
  55  4:24  Oracle, Probe  
  55  4:26  Probe  
  55  4:29  Pylon  
  59  4:36  Probe  
  59  4:38  Probe  
  61  4:39  Twilight Council  
  59  4:48  Probe  
  59  4:49  Adept x2  
  59  4:50  Probe  
  65  4:56  Probe  
  66  5:00  Probe, Forge  
  66  5:01  Oracle  
  66  5:02  Probe  
  71  5:08  Probe  
  71  5:12  Probe  
  73  5:14  Probe  
  73  5:15  Blink  
  73  5:20  Probe  
  75  5:25  Probe (Chrono Boost)  
  75  5:26  Probe (Chrono Boost)  
  73  5:31  Stalker x2  
  73  5:32  Probe (Chrono Boost)  
  78  5:36  Protoss Ground Weapons Level 1 (Chrono Boost)  
  78  5:37  Probe (Chrono Boost), Pylon  
  78  5:38  Probe (Chrono Boost)  
  81  5:44  Probe (Chrono Boost)  
  81  5:45  Probe (Chrono Boost)  
  81  5:46  Probe (Chrono Boost)  
  81  5:48  Probe (Chrono Boost), Pylon  
  83  5:51  Probe  
  83  5:53  Probe  
  86  5:57  Nexus  
  86  6:01  Pylon  
  86  6:04  Gateway, Probe  
  86  6:05  Gateway  
  86  6:07  Gateway  
  86  6:17  Stalker x2  
  86  6:18  Probe  
  91  6:22  Robotics Facility  
  91  6:24  Gateway  
  91  6:25  Gateway, Assimilator  
  91  6:26  Assimilator  
  91  6:27  Probe  
  91  6:29  Probe  
  91  6:30  Photon Cannon  
  91  6:31  Shield Battery  
  93  6:32  Pylon  
  93  6:35  Probe  
  94  6:40  Pylon  
  94  6:41  Stalker x2  
  98  6:49  Forge  
  98  7:05  Stalker x4  
  98  7:06  Stalker  
  108  7:12  Robotics Bay  
  108  7:13  Probe x2  
  108  7:14  Probe  
  111  7:16  Photon Cannon  
  111  7:18  Probe  
  111  7:19  Pylon  
  111  7:20  Stalker x2  
  116  7:26  Probe x3  
  116  7:28  Pylon  
  116  7:29  Protoss Ground Armor Level 1  
  119  7:30  Shield Battery  
  119  7:32  Photon Cannon  
  119  7:36  Pylon  
  119  7:40  Protoss Ground Weapons Level 2  
  119  7:41  Probe x2  
  121  7:45  Probe x2  
  121  7:47  Phoenix (Chrono Boost)  
  121  7:50  Zealot x3  
  121  7:51  Zealot x3  
  135  7:56  Photon Cannon  
  135  8:01  Zealot  
  137  8:06  Phoenix  
  137  8:09  Stargate  
  139  8:21  Pylon  
  139  8:22  Assimilator, Pylon  
  139  8:23  Assimilator  
  139  8:27  Zealot x7  
  141  8:31  Phoenix  
  153  8:34  Fleet Beacon  
  153  8:40  Pylon  
  153  8:45  Photon Cannon  
  153  8:46  Shield Battery  
  153  8:48  Stalker x5  
  153  8:54  Phoenix (Chrono Boost)  
  153  9:02  Photon Cannon  
  153  9:03  Shield Battery, Photon Cannon  
  153  9:04  Phoenix (Chrono Boost)  
  153  9:09  Stargate  
  155  9:12  Anion Pulse-Crystals (Chrono Boost)  
  155  9:18  Phoenix (Chrono Boost), Gateway x2  
  151  9:31  Phoenix  
  151  9:35  Stalker x2  
  147  9:42  Phoenix (Chrono Boost)  
  133  9:48  Stalker x2  
  133  9:49  Probe  
  133  9:50  Probe  
  133  9:51  Stalker  
  133  9:52  Probe  
  133  9:54  Probe  
  133  9:56  Phoenix (Chrono Boost)  
  136  10:01  Probe  
  136  10:04  Phoenix (Chrono Boost)  
  139  10:07  Phoenix (Chrono Boost)  
  139  10:12  Assimilator  
  133  10:16  Charge, Phoenix  
  133  10:21  Stalker x2  
  129  10:24  Probe x3  
  134  10:38  Stalker  
  134  10:39  Stalker x5  
  127  10:48  Stalker x2  
  108  10:50  Probe x2  
  108  10:54  Probe  
  108  10:55  Probe  
  104  11:02  Probe x2  
  103  11:05  Pylon  
  103  11:06  Probe  
  103  11:07  Probe, Photon Cannon  
  103  11:11  Shield Battery  
  105  11:14  Probe x2  
  105  11:15  Colossus (Chrono Boost)  
  107  11:22  Photon Cannon  
  107  11:23  Gateway, Probe x2  
  115  11:26  Probe x2  
  117  11:33  Zealot x4  
  117  11:35  Probe  
  126  11:46  Stalker x3  
  127  11:47  Stalker  
Tags
 
Add a new tag
Caveats
  • Supply blocks, unpowered buildings, or Contaminate may cause inaccurate times.
  • Supply counts are checked every 10 seconds.